 Dungeon Crawl Stone Soup version 0.27-a0-1347-gd8886f0a89 (webtiles) character file.

Game seed: 6111697340774747064

32613 octoduck the Frost Mage (level 13, -2/110 HPs)
             Began as a Purple Draconian Ice Elementalist on June 27, 2021.
             Was an Elder of Sif Muna.
             Slain by a two-headed ogre (15 damage)
             ... on level 1 of the Orcish Mines.
             The game lasted 01:52:13 (23749 turns).

octoduck the Frost Mage (DrIE)                     Turns: 23749, Time: 01:52:13

Health: -2/110     AC: 27    Str: 14    XL:     13   Next: 32%
Magic:  5/18       EV: 16    Int: 21    God:    Sif Muna [****..]
Gold:   924        SH:  5    Dex: 18    Spells: 4/22 levels left

rFire    . . .     SeeInvis .   F - +10 short sword of Hepliaklqana's Regard {vorpal, Will+ Str+3 Int+3 Dex+4}
rCold    . . .     Faith    .   (no shield)
rNeg     . . .     Spirit   .   (armour unavailable)
rPois    .         Reflect  +   (helmet restricted)
rElec    .         Harm     .   r - +0 cloak
rCorr    .         Rampage  .   J - +3 pair of gauntlets of War {Slay+5}
Will     ++...                  R - +0 pair of boots
Stlth    ++++......             d - amulet of reflection
HPRegen  0.28/turn              v - +4 ring of protection
MPRegen  0.16/turn              (no ring)

@: ice-armoured, about to teleport, freezing walls
A: breathe power, AC +8, unfitting armour, cold-blooded, horns 1, low mp 1
a: Breathe Dispelling Energy, Renounce Religion, Channel Magic, Forget Spell,
Divine Exegesis


You were on level 1 of the Orcish Mines.
You worshipped Sif Muna.
Sif Muna was greatly pleased with you.
You visited 4 branches of the dungeon, and saw 15 of its levels.

You collected 1174 gold pieces.
You spent 250 gold pieces at shops.

Inventory:

Hand Weapons
 b - the +0 staff of Battle
   (You found it on level 10 of the Dungeon)
 y - a +1 falchion of distortion
 F - the +10 short sword of Hepliaklqana's Regard (weapon) {vorpal, Will+ Str+3 Int+3 Dex+4}
   (You took it off a kobold brigand on level 7 of the Dungeon)

   It inflicts extra damage upon your enemies.
   Str:       It affects your strength (+3).
   Int:       It affects your intelligence (+3).
   Dex:       It affects your dexterity (+4).
   Will:      It increases your willpower.
Missiles
 o - 90 poisoned darts
 E - 3 curare-tipped darts
 H - 3 throwing nets
Armour
 r - a +0 cloak (worn)
 J - the +3 pair of gauntlets of War (worn) {Slay+5}
   (You found it on level 7 of the Dungeon)

   Slay:      It affects your accuracy & damage with ranged weapons and melee
   (+5).
 P - a +1 tower shield of protection
 R - a +0 pair of boots (worn)
 U - the +0 cloak of the Vestibule of Hell {+Inv rPois Str-3}
   (You found it on level 9 of the Dungeon)

   Str:       It affects your strength (-3).
   rPois:     It protects you from poison.
   +Inv:      It lets you turn invisible.
Jewellery
 c - a +4 ring of protection
 d - an amulet of reflection (around neck)
 v - a +4 ring of protection (left hand)
 B - an amulet of the acrobat
 W - a ring of resist corrosion
Wands
 e - a wand of flame (34)
 t - a wand of charming (15)
 u - a wand of iceblast (14)
Scrolls
 a - a scroll of enchant weapon
 g - a scroll of identify
 h - 3 scrolls of amnesia
 i - 3 scrolls of immolation
 n - 4 scrolls of enchant armour
 s - a scroll of teleportation
 C - a scroll of fog
 G - 2 scrolls of vulnerability
 Q - 2 scrolls of noise
 S - 2 scrolls of fear
 T - a scroll of magic mapping
Potions
 f - a potion of invisibility {unknown}
 j - 4 potions of flight
 k - 3 potions of cancellation
 l - 7 potions of curing {unknown}
 m - 3 potions of haste
 p - 3 potions of degeneration
 q - 3 potions of heal wounds
 x - a potion of magic
 z - a potion of attraction {unknown}
 A - a potion of berserk rage {unknown}
 O - 4 potions of brilliance
 V - a potion of lignification
Miscellaneous
 K - a condenser vane
 M - a lightning rod (4/4)
 N - a piece from Xom's chessboard (15/15)


   Skills:
 - Level 8.8 Fighting
 - Level 6.5 Dodging
 - Level 7.2 Stealth
 - Level 5.0 Spellcasting
 + Level 11.3 Conjurations
 - Level 9.0 Hexes
 - Level 12.5 Ice Magic
 - Level 4.2 Invocations


You had 4 spell levels left.
You knew the following spells:

 Your Spells              Type           Power      Damage    Failure   Level
a - Freeze                Ice            100%       1d11      1%          1
b - Frozen Ramparts       Ice            100%       1d12      1%          3
c - Ozocubu's Armour      Ice            55%        N/A       1%          3
d - Ensorcelled Hibernat  Hex/Ice        100%       N/A       1%          2
e - Hailstorm             Conj/Ice       53%        3d12      1%          4
f - Metabolic Englaciati  Hex/Ice        25%        N/A       3%          5

Your spell library contained the following spells:

 Spells                   Type           Power      Damage    Failure   Level
 Corona                   Hex            47%        N/A       1%          1
 Foxfire                  Conj/Fire      100%       2x1d9     1%          1
 Confusing Touch          Hex            43%        N/A       1%          3
 Dazzling Flash           Conj/Hex       96%        N/A       1%          3
 Tukima's Dance           Hex            43%        N/A       1%          3
 Conjure Flame            Conj/Fire      29%        6-21      3%          3
 Inner Flame              Hex/Fire       24%        N/A       4%          3
 Ice Form                 Ice/Tmut       31%        N/A       9%          4
 Animate Skeleton         Necr           10%        N/A       11%         1
 Apportation              Tloc           10%        N/A       11%         1
 Beastly Appendage        Tmut           10%        N/A       11%         1
 Summon Small Mammal      Summ           20%        N/A       11%         1
 Sticky Flame             Conj/Fire      29%        2d5       11%         4
 Wereblood                Tmut           5%         N/A       16%         2
 Spider Form              Tmut/Pois      2%         N/A       32%         3
 Summon Lightning Spire   Summ/Air       5%         N/A       71%         4
 Fireball                 Conj/Fire      14%        3d8       28%         5
 Silence                  Hex/Air        12%        N/A       43%         5
 Conjure Ball Lightning   Conj/Air       14%        3x3d6     85%         6
 Alistair's Intoxication  Tmut/Pois      3%         N/A       96%         5
 Eringya's Noxious Bog    Tmut/Pois      2%         N/A       100%        6
 Storm Form               Tmut/Air       2%         N/A       100%        7


Dungeon Overview and Level Annotations

Branches:
Dungeon (11/15)            Temple (1/1) D:5            Lair (1/6) D:8
    Orc (2/2) D:11
    Elf: Orc:2

Altars:
Ashenzari
Cheibriados
Dithmenos
Elyvilon
Fedhas
Gozag
Hepliaklqana
Kikubaaqudgha
Makhleb
Nemelex Xobeh
Okawaru
Qazlal
Ru
Sif Muna
Trog
Uskayaw
Vehumet
Wu Jian
Xom
Yredelemnul
Zin
The Shining One
Beogh

Shops:
D:5 =   D:8 :   D:9 *   D:10 !(?

Annotations:
D:4 Blork the orc
D:7 exclusion: door
D:11 3 runed translucent doors, Boaxzaod's ghost, journeyman MiWn


Innate Abilities, Weirdness & Mutations

You can breathe bolts of dispelling energy.
Your rich purple scales are hard. (AC +8)
You cannot fit into any form of body armour.
You are cold-blooded and may be slowed by cold attacks.
You have a pair of small horns on your head.
Your magical capacity is low. (-10% MP)


Message History

Confirm with . or Enter, or press ? or * to list all spells.
Aiming: Ensorcelled Hibernation (safe; 1% risk of failure)
Press: ? - help, Shift-Dir - straight line, f - two-headed ogre
Aim: a two-headed ogre, wielding two +0 giant clubs (lightly wounded, chance to affect: 55%)
The two-headed ogre looks drowsy...
The wall freezes the two-headed ogre!
The two-headed ogre hits you but does no damage.
The two-headed ogre misses you.
The wall freezes the two-headed ogre.
The two-headed ogre shouts in stereo!
You block the two-headed ogre's attack. x2
Casting: Ensorcelled Hibernation (safe; 1% risk of failure)
Confirm with . or Enter, or press ? or * to list all spells.
Aiming: Ensorcelled Hibernation (safe; 1% risk of failure)
Press: ? - help, Shift-Dir - straight line, f - two-headed ogre, p - two-headed ogre
Aim: a two-headed ogre, wielding two +0 giant clubs (lightly wounded, chance to affect: 55%)
The two-headed ogre resists with some effort.
The wall freezes the ogre!
The ogre misses you.
The wall freezes the two-headed ogre!
The two-headed ogre hits you but does no damage.
The two-headed ogre barely misses you.
The wall freezes the two-headed ogre.
The two-headed ogre hits you but does no damage.
The two-headed ogre hits you with a +0 giant club.
* * * LOW HITPOINT WARNING * * *
As you read the scroll of teleportation, it crumbles to dust.
You feel strangely unstable.
The wall freezes the ogre!
You block the ogre's attack.
You puncture the ogre!
You kill the ogre!
Sif Muna accepts your kill.
The wall freezes the two-headed ogre.
The two-headed ogre hits you but does no damage.
The two-headed ogre hits you with a +0 giant club!
* * * LOW HITPOINT WARNING * * *
The wall freezes the two-headed ogre!
The two-headed ogre barely misses you.
The two-headed ogre hits you with a +0 giant club.
* * * LOW HITPOINT WARNING * * *
You hit the two-headed ogre.
The two-headed ogre is heavily wounded.
The wall freezes the two-headed ogre!
The two-headed ogre hits you with a +0 giant club!
You die...

#....##...#.).##..............
##...###.....####......###.....
#....#.####.######....##......#
##.......##...#.#.#.............
#...#....#))....................
##.###....)#....................
### #....###.#)..#.##.......#..
##..## ###OO#####....#.#...
#...# #@)# ##.#.##.... ##.##
#### ##.##...## ### ###
#......### #.## ##.##.....
####.# ###..###... ##...##
#...## ##..
##.....####....###...
#.......##.......#...
###................#...


You could see 2 two-headed ogres.

Vanquished Creatures
  An orc warlord (Orc:1)
  An ettin (Orc:1)
  A hydra (D:7)
  A centaur warrior (D:8)
  4 two-headed ogres
  Harold (D:8)
  An orc high priest (Orc:1)
  3 orc knights (Orc:1)
  4 cyclopes
  An ugly thing (D:8)
  2 orc sorcerers
  7 centaur zombies
  An unseen horror (D:11)
  A gargoyle (D:8)
  Psyche (D:11)
  A rime drake (Lair:1)
  Maggie (D:8)
  2 komodo dragons
  3 hornets
  3 trolls
  5 slime creatures (D:11)
  3 shadows
  33 yaks
  2 basilisks (D:8)
  2 wyverns
  Grum (D:8)
  3 steam dragons (D:7)
  2 wargs
  A vampire mosquito (D:7)
  An acid dragon (D:9)
  Duvessa (D:3)
  4 water moccasins
  3 sky beasts (D:7)
  22 orc warriors
  A black bear (D:6)
  8 ogres
  14 wolves
  3 centaurs
  3 phantoms
  8 kobold brigands
  4 bullfrogs
  A gnoll sergeant (D:11)
  3 scorpions
  Dowan (D:3)
  A wyvern skeleton (D:7)
  2 water moccasin skeletons (D:6)
  11 killer bees
  2 wights
  3 howler monkeys (D:9)
  A centaur skeleton (D:6)
  5 jellies
  2 bullfrog skeletons
  2 gnoll shamans (D:7)
  17 orc priests
  3 hounds
  28 orc wizards
  3 iguanas
  A scorpion zombie (D:5)
  3 howler monkey zombies
  5 gnolls (D:11)
  7 adders
  A shadow imp (D:7)
  2 white imps
  An ufetubus (D:5)
  3 worms
  2 dart slugs
  58 orcs
  8 ball pythons
  6 bats
  5 endoplasms
  3 giant cockroaches
  5 goblins
  9 hobgoblins
  10 jackals
  4 quokkas
  2 frilled lizards
  26 kobolds
  6 rats
416 creatures vanquished.

Vanquished Creatures (others)
  3 bushes (D:8)
  6 fungi
  48 plants
57 creatures vanquished.

Grand Total: 473 creatures vanquished

Notes
Turn   | Place    | Note
-------+----------+-------------------------------------------
     0 | D:1      | octoduck the Draconian Ice Elementalist began the quest for
                  | the Orb.
     0 | D:1      | Reached XP level 1. HP: 14/14 MP: 3/3
   659 | D:1      | Reached XP level 2. HP: 17/20 MP: 3/5
  1337 | D:2      | Found a faded altar of an unknown god.
  1494 | D:2      | Reached skill level 5 in Ice Magic
  1494 | D:2      | Reached XP level 3. HP: 18/26 MP: 2/6
  1915 | D:2      | Found a shimmering altar of Xom.
  2404 | D:2      | Reached XP level 4. HP: 28/33 MP: 2/7
  2453 | D:2      | Learned a level 3 spell: Frozen Ramparts
  2457 | D:2      | Learned a level 3 spell: Ozocubu's Armour
  3235 | D:3      | Reached skill level 6 in Ice Magic
  4037 | D:4      | Noticed Blork the orc
  4095 | D:4      | Noticed Duvessa
  4095 | D:4      | Noticed Dowan
  4098 | D:3      | Gained mutation: Your magical capacity is low. (-10% MP)
                  | [potion of mutation]
  4098 | D:3      | Gained mutation: You have a pair of small horns on your
                  | head. [potion of mutation]
  4117 | D:3      | Killed Duvessa
  4118 | D:3      | Reached XP level 5. HP: 38/38 MP: 0/7
  4131 | D:3      | Killed Dowan
  4132 | D:3      | Reached skill level 7 in Ice Magic
  4367 | D:4      | Reached XP level 6. HP: 44/45 MP: 4/8
  5206 | D:4      | Reached skill level 8 in Ice Magic
  5924 | D:5      | Entered Level 5 of the Dungeon
  6023 | D:5      | Found an opulent altar of Gozag.
  6025 | D:5      | Found a basalt altar of Yredelemnul.
  6100 | D:5      | Your scales start taking on a rich purple colour.
  6100 | D:5      | Reached XP level 7. HP: 44/50 MP: 9/9
  6211 | D:5      | Learned a level 2 spell: Ensorcelled Hibernation
  6214 | D:5      | Found a staircase to the Ecumenical Temple.
  6222 | Temple   | Entered the Ecumenical Temple
  6419 | Temple   | Became a worshipper of Sif Muna the Loreminder
  6612 | D:5      | Reached skill level 9 in Ice Magic
  6959 | D:5      | Found Jipom's Jewellery Shop.
  7137 | D:5      | Found a shadowy altar of Dithmenos.
  7584 | D:6      | Found a broken altar of Ashenzari.
  7764 | D:6      | Reached skill level 10 in Ice Magic
  7764 | D:6      | Reached XP level 8. HP: 38/57 MP: 6/10
  7890 | D:6      | Reached skill level 1 in Fighting
  8109 | D:6      | Reached * piety under Sif Muna
  8297 | D:6      | Noticed a +0 falchion
  8297 | D:6      | Noticed a +0 spear
  8298 | D:6      | Noticed a +0 falchion
  8298 | D:6      | Noticed a +0 short sword
  8298 | D:6      | Noticed a +0 short sword
  8299 | D:6      | Noticed a +0 dagger
  8299 | D:6      | Noticed a +0 spear
  8299 | D:6      | Noticed a +0 dagger
  8303 | D:6      | Found a hide-covered altar of Uskayaw.
  8512 | D:6      | Reached skill level 11 in Ice Magic
  8920 | D:7      | Reached XP level 9. HP: 73/73 MP: 5/12
  8951 | D:7      | Noticed a troll
  8959 | D:6      | Learned a level 4 spell: Hailstorm
  8996 | D:7      | Noticed a two-headed ogre
  9138 | D:6      | Killed a troll
  9139 | D:6      | Reached skill level 1 in Conjurations
  9139 | D:6      | Reached skill level 1 in Hexes
  9390 | D:7      | Noticed a cyclops
 10032 | D:7      | Noticed a cyclops
 10064 | D:7      | Noticed a komodo dragon
 10357 | D:7      | Noticed a manticore
 10409 | D:8      | Noticed Harold
 10486 | D:7      | Killed a komodo dragon
 10747 | D:7      | Noticed a seven-headed hydra
 11022 | D:7      | Identified the +10 short sword of Hepliaklqana's Regard
                  | {vorpal, Will+ Str+3 Int+3 Dex+4}
 11041 | D:7      | Reached skill level 5 in Conjurations
 11493 | D:7      | Reached skill level 5 in Stealth
 11695 | D:7      | Killed a cyclops
 11696 | D:7      | Reached XP level 10. HP: 80/80 MP: 2/13
 11875 | D:7      | Killed a cyclops
 12119 | D:7      | Killed a two-headed ogre
 12204 | D:7      | Found the +3 pair of gauntlets of War {Slay+5}
 12827 | D:7      | Killed a seven-headed hydra
 12828 | D:7      | Reached skill level 5 in Hexes
 12951 | D:8      | Found Fett's Book Shoppe.
 13085 | D:8      | Reached ** piety under Sif Muna
 13628 | D:8      | Noticed a two-headed ogre
 13629 | D:8      | Noticed a boulder beetle
 13629 | D:8      | Noticed a gargoyle
 13648 | D:8      | Killed a two-headed ogre
 13783 | D:8      | Noticed a centaur warrior
 14135 | D:8      | Noticed Maggie
 14229 | D:8      | Killed Harold
 14230 | D:8      | Reached skill level 5 in Spellcasting
 14230 | D:8      | Reached XP level 11. HP: 49/85 MP: 6/16
 14340 | D:8      | Learned a level 5 spell: Metabolic Englaciation
 14377 | D:8      | Found a staircase to the Lair.
 14478 | D:8      | Killed a centaur warrior
 15069 | D:8      | Reached skill level 5 in Dodging
 15274 | D:8      | Noticed a green ugly thing
 15286 | D:8      | Killed a green ugly thing
 15444 | D:8      | Noticed Grum
 15467 | D:8      | Killed Grum
 15924 | D:9      | Identified the +0 cloak of the Vestibule of Hell {+Inv
                  | rPois Str-3}
 16316 | D:9      | Reached *** piety under Sif Muna
 17155 | D:9      | Found Ynost's Assorted Antiques.
 17164 | D:9      | Bought a scroll of identify for 68 gold pieces
 17363 | D:9      | Reached skill level 5 in Fighting
 17489 | D:9      | Found a radiant altar of Vehumet.
 17816 | Lair:1   | Entered Level 1 of the Lair of Beasts
 18090 | Lair:1   | Reached skill level 12 in Ice Magic
 18090 | Lair:1   | Reached XP level 12. HP: 84/97 MP: 13/17
 18206 | Lair:1   | Noticed a seven-headed hydra
 18343 | D:8      | Killed Maggie
 18602 | D:10     | Entered Level 10 of the Dungeon
 18602 | D:10     | Found the +0 staff of Battle
 18656 | D:10     | Found Poupemid's Weapon Boutique.
 18818 | D:10     | Reached **** piety under Sif Muna
 19024 | D:10     | Found Kops's Distillery.
 19031 | D:10     | Bought a potion of heal wounds for 80 gold pieces
 19031 | D:10     | Bought a potion of degeneration for 16 gold pieces
 19031 | D:10     | Bought a potion of brilliance for 64 gold pieces
 19149 | D:10     | Found Lyhag's Magic Scroll Boutique.
 19152 | D:10     | Bought a scroll of identify for 22 gold pieces
 19830 | D:11     | Noticed a two-headed ogre
 19837 | D:11     | Killed a two-headed ogre
 19942 | D:11     | Noticed Psyche
 19963 | D:11     | Killed Psyche
 20061 | D:11     | Found a staircase to the Orcish Mines.
 20295 | D:11     | Reached skill level 1 in Invocations
 20417 | D:11     | Noticed a two-headed ogre
 20424 | D:11     | Killed a two-headed ogre
 20620 | D:11     | Found a runed translucent gate.
 20624 | D:11     | Found a runed translucent gate.
 20625 | D:11     | Found a runed translucent gate.
 20625 | D:11     | Noticed Boaxzaod's ghost (journeyman MiWn)
 20933 | Orc:1    | Entered Level 1 of the Orcish Mines
 20974 | Orc:1    | Reached ***** piety under Sif Muna
 21259 | Orc:1    | Identified Riekuho's Grimoire of Cloudy Intoxication (Sif
                  | Muna gifted it to you on level 1 of the Orcish Mines)
 21259 | Orc:1    | Received a gift from Sif Muna
 21471 | Orc:1    | Noticed an ettin
 21504 | Orc:1    | Killed an ettin
 21505 | Orc:1    | Reached XP level 13. HP: 21/110 MP: 6/18
 22266 | Orc:1    | Noticed an orc warlord
 22400 | Orc:1    | Reached skill level 10 in Conjurations
 22798 | Orc:1    | Killed an orc warlord
 23568 | Orc:2    | Entered Level 2 of the Orcish Mines
 23749 | Orc:1    | Slain by a two-headed ogre

Illustrated notes

Levels and vault maps discovered:
D:1:      amcnicky_arrival_choice, layout_loops_ring, serial_bayou_lagoon_a
D:2:      layout_basic, basic_altar, hellmonk_ecumenical_altar_blasted
D:3:      layout_basic, dk_vineyard_3
D:4:      layout_basic, uniq_blork_the_orc, uniq_duvessa
D:5:      layout_loops_ring, lemuel_coloured_pillars_altar,
          chequers_temple_overflow_statue_of_worship, minmay_temple_entry_hall,
          serial_shops, shop, kennysheep_decorative_pillar, minmay_misc_feat_iff
D:6:      layout_basic, kennysheep_little_box, nicolae_uskayaw_en_pointe
D:7:      minmay_the_grid_square_5x5_3x3 [minmay_the_grid_square_5x5_bridge,
          minmay_the_grid_square_5x5_gyroscope,
          minmay_the_grid_square_5x5_shuriken,
          minmay_the_grid_square_5x5_broken_cross,
          minmay_the_grid_square_5x5_megaprize_crossed,
          minmay_the_grid_square_5x5_almost_minimal,
          minmay_the_grid_square_5x5_detours, minmay_the_grid_square_5x5_plus,
          minmay_the_grid_square_5x5_misaligned], layout_basic,
          hangedman_minor_gate_pass
D:8:      layout_loops_corners, minmay_lair_entry_grove, serial_shops, shop,
          minmay_shattered_shrine, uniq_maggie, uniq_grum, uniq_harold
D:9:      layout_irregular_city, kennysheep_mini_moat, serial_co_window_serial,
          co_window_corner_a, co_window_cross_1, co_window_cross_1,
          co_window_paths_b, co_window_corner_a, co_window_of_opportunity_b,
          co_window_unsneaky_path_e, co_window_corner_b, co_window_broadway_c,
          co_window_4corner_a, serial_shops, shop
D:10:     layout_rooms, serial_shops, shop, nicolae_wooded_promenade
D:11:     layout_rooms, orc_0_dummy, gammafunk_ghost_necromancy, uniq_psyche
Temple:   regret_index_temple_sphere_string
Lair:1:   layout_cave_pods, lemuel_fruit_fields
Orc:1:    orc_temple, layout_diamond_mine
Orc:2:    st_orc_ogre_mass, layout_caves, uniq_saint_roka

Skill      XL: |  1  2  3  4  5  6  7  8  9 10 11 12 13 |
---------------+----------------------------------------+-----
Ice Magic      | 5 6 7 8 10 11 12 | 12.5
Fighting       | 4 6 8 |  8.8
Spellcasting   | 3 5 |  5.0
Conjurations   | 5 6 9 11 | 11.3
Hexes          | 4 6 9 |  9.0
Stealth        | 5 7 |  7.2
Dodging        | 3 6 |  6.5
Invocations    | 4 |  4.2

Action                   |  1- 3 |  4- 6 |  7- 9 | 10-12 | 13-15 || total
-------------------------+-------+-------+-------+-------+-------++-------
Melee: Dagger            |    43 |   103 |   306 |       |       ||   452
       Tailslap          |     2 |    13 |    45 |    68 |    11 ||   139
       Headbutt          |       |     5 |    71 |    89 |    19 ||   184
       Short sword       |       |       |     3 |   404 |    74 ||   481
Throw: Dart              |       |     1 |       |       |       ||     1
       Throwing net      |       |       |     1 |     1 |       ||     2
 Cast: Freeze            |    53 |    52 |    43 |    24 |     2 ||   174
       Frozen Ramparts   |       |     6 |    27 |    38 |    11 ||    82
       Ozocubu's Armour  |       |     6 |    12 |    14 |     4 ||    36
       Ensorcelled Hiber |       |       |    16 |    13 |     2 ||    31
       Hailstorm         |       |       |     3 |    39 |    15 ||    57
       Metabolic Englaci |       |       |       |     8 |     2 ||    10
Invok: Channel Magic     |       |       |       |       |     2 ||     2
 Abil: Breathe Dispellin |       |       |       |     3 |     1 ||     4
Evoke: Wand              |       |       |     2 |     9 |       ||    11
       Lightning rod     |       |       |       |     4 |       ||     4
       Condenser vane    |       |       |       |     2 |       ||     2
  Use: Scroll            |       |     6 |     2 |     7 |     1 ||    16
       Potion            |       |     2 |       |       |       ||     2
 Stab: Sleeping          |       |     2 |     2 |       |     1 ||     5
       Distracted        |       |       |       |     2 |       ||     2
Armor: Skin              |    28 |    42 |   144 |   155 |    21 ||   390
Dodge: Dodged            |    35 |    47 |   175 |   280 |    60 ||   597
Block: Other             |       |    23 |    62 |    84 |    23 ||   192
       Reflection        |       |       |     2 |     7 |     1 ||    10

Table legend: (Time is in decaauts)
 A = Elapsed time spent in this place.
 B = Non-inter-level travel time spent in this place.
 C = Inter-level travel time spent in this place.
 D = Time resting spent in this place.
 E = Time spent auto-exploring this place.
 F = Levels seen in this place.
 G = Mean time per level.
                   A        B        C        D        E       F      G
               +--------+--------+--------+--------+--------+-----+--------+
         Total |  23715 |  21724 |   1991 |   8990 |   6517 |  15 | 1581.0 |
       Dungeon |  20373 |  18573 |   1800 |   7457 |   5781 |  11 | 1852.1 |
        Temple |    219 |    150 |     69 |      0 |    148 |   1 |  219.0 |
          Lair |    293 |    280 |     13 |    103 |     36 |   1 |  293.0 |
  Orcish Mines |   2829 |   2720 |    109 |   1430 |    552 |   2 | 1414.5 |
               +--------+--------+--------+--------+--------+-----+--------+

Top non-repeatable levels by time:
     D:8: 3412 daAuts
     D:7: 3145 daAuts
   Orc:1: 2744 daAuts
     D:6: 2323 daAuts
     D:9: 1973 daAuts
     D:4: 1714 daAuts
     D:3: 1538 daAuts
     D:1: 1377 daAuts
     D:5: 1329 daAuts
     D:2: 1277 daAuts
    D:11: 1142 daAuts
    D:10: 1137 daAuts
  Lair:1: 293 daAuts
  Temple: 219 daAuts
   Orc:2: 85 daAuts
